General information
- name: BNet
- type: Ladder team game (AT/RT)
- host: Battle.net
- saver: W33DMAN
map: Cherryville
- players: 8
- length: 19:55
- speed: Fast
- version: 1.26 W3XP
- replay type: Public
» download(190 KB)
Players
team 1 (winner)
W33DMAN (
pink | 198 APM | 3954 actions | 19:55)
6 Archmage
3 Summon Water Elemental
2 Brilliance Aura
1 Mass Teleport
3 Paladin
1 Holy Light
2 Divine Shield
» actions
| Assign group hotkey | 54 | |
| Basic commands | 203 | |
| Build / train | 108 | |
| ESC pressed | 5 | |
| Enter build submenu | 32 | |
| Enter hero's abilities submenu | 10 | |
| Give item / drop item | 2 | |
| Right click | 1321 | |
| Select / deselect | 563 | |
| Select group hotkey | 1551 | |
| Use ability | 103 | |
3954 total
» units
| Peasant | 25 | |
| Footman | 20 | |
| Goblin Shredder | 1 | |
| Priest | 3 | |
| Knight | 8 | |
| Spell Breaker | 4 | |
61 total
» upgrades
| Defend | 1 | |
| Swords | 3 | |
| Plating | 3 | |
| Masonry | 1 | |
| Priest Training | 2 | |
| Control Magic | 1 | |
| Animal War Training | 1 | |
12 total
» buildings
| Altar of Kings | 1 | |
| Barracks | 2 | |
| Farm | 14 | |
| Town Hall | 1 | |
| Lumber Mill | 1 | |
| Keep | 1 | |
| Blacksmith | 1 | |
| Arcane Vault | 1 | |
| Scout Tower | 3 | |
| Guard Tower | 1 | |
| Castle | 4 | |
| Arcane Sanctum | 2 | |
32 total
» build order
00:06 Altar of Kings
00:18 Barracks
00:27 Farm
01:03 Farm
01:06 Farm
01:43 Farm
02:33 Farm
03:21 Town Hall
04:49 Barracks
04:51 Lumber Mill
05:35 Keep
05:39 Blacksmith
06:08 Farm
06:19 Arcane Vault
07:29 Farm
07:55 Scout Tower
07:57 Scout Tower
07:58 Scout Tower
08:32 Farm
08:34 Farm
09:30 Guard Tower
09:32 Castle
09:33 Castle
10:31 Arcane Sanctum
11:01 Arcane Sanctum
13:15 Farm
13:16 Farm
14:19 Farm
19:33 Farm
19:34 Farm
» items
| Scroll of Regeneration | 1 | |
| Boots of Speed | 1 | |
| Potion of Lesser Invulnerability | 1 | |
| Scroll of Protection | 7 | |
| Scroll of Town Portal | 1 | |
| Potion of Healing | 2 | |
13 total

»
AngryPickle (
green | 85 APM | 1677 actions | 19:50)
5 Firelord
3 Summon Lava Spawn
2 Soul Burn
4 Paladin
2 Holy Light
2 Divine Shield
» actions
| Assign group hotkey | 62 | |
| Basic commands | 87 | |
| Build / train | 69 | |
| Enter build submenu | 20 | |
| Enter hero's abilities submenu | 11 | |
| Remove unit from queue | 3 | |
| Right click | 604 | |
| Select / deselect | 301 | |
| Select group hotkey | 443 | |
| Use ability | 77 | |
1677 total
» units
| Peasant | 13 | |
| Footman | 11 | |
| Priest | 8 | |
| Sorceress | 1 | |
| Knight | 4 | |
| Siege Engine | 3 | |
40 total
» upgrades
| Defend | 1 | |
| Sorceress Training | 0 | |
| Priest Training | 2 | |
| Plating | 2 | |
| Animal War Training | 1 | |
| Barrage | 1 | |
7 total
» buildings
| Altar of Kings | 2 | |
| Farm | 9 | |
| Barracks | 2 | |
| Scout Tower | 1 | |
| Arcane Tower | 1 | |
| Keep | 1 | |
| Arcane Vault | 1 | |
| Blacksmith | 1 | |
| Arcane Sanctum | 1 | |
| Lumber Mill | 1 | |
| Castle | 1 | |
| Workshop | 1 | |
| Town Hall | 1 | |
23 total
» build order
00:16 Altar of Kings
00:18 Farm
00:28 Barracks
00:56 Barracks
01:11 Farm
01:43 Altar of Kings
02:20 Farm
02:29 Scout Tower
03:02 Farm
03:10 Arcane Tower
04:07 Keep
06:10 Arcane Vault
06:13 Blacksmith
06:50 Arcane Sanctum
06:52 Lumber Mill
09:41 Farm
09:42 Farm
10:23 Castle
10:30 Farm
12:09 Farm
12:10 Farm
14:14 Workshop
15:57 Town Hall
» items
| Lesser Clarity Potion | 1 | |
| Scroll of Regeneration | 1 | |
| Potion of Healing | 1 | |
| Potion of Lesser Invulnerability | 1 | |
| Scroll of Town Portal | 1 | |
5 total
BANANANIGHT (
purple | 78 APM | 1547 actions | 19:50)
5 Keeper of the Grove
3 Entangling Roots
2 Thorns Aura
4 Priestess of the Moon
2 Trueshot Aura
2 Scout
» actions
| Assign group hotkey | 74 | |
| Basic commands | 159 | |
| Build / train | 111 | |
| Enter build submenu | 16 | |
| Enter hero's abilities submenu | 9 | |
| Give item / drop item | 1 | |
| Right click | 500 | |
| Select / deselect | 254 | |
| Select group hotkey | 359 | |
| Use ability | 64 | |
1547 total
» units
| Wisp | 21 | |
| Archer | 25 | |
| Assassin | 4 | |
| Kobold Geomancer | 1 | |
| Faerie Dragon | 6 | |
| Hippogryph | 9 | |
| Druid of the Talon | 4 | |
70 total
» upgrades
| Improved Bows | 1 | |
| Marksmanship | 1 | |
| Strength of the Wild | 2 | |
| Strength of the Moon | 2 | |
| Moon Armor | 1 | |
| Well Spring | 1 | |
| Hippogryph Taming | 1 | |
| Reinforced Hides | 1 | |
| Druid of the Talon Training | 1 | |
11 total
» buildings
| Altar of Elders | 1 | |
| Moon Well | 6 | |
| Ancient of War | 2 | |
| Ancient of Wonders | 1 | |
| Tree of Ages | 1 | |
| Tree of Life | 1 | |
| Tree of Eternity | 1 | |
| Hunter's Hall | 1 | |
| Ancient of Wind | 2 | |
16 total
» build order
00:15 Altar of Elders
00:25 Moon Well
01:25 Ancient of War
01:49 Ancient of War
02:26 Moon Well
02:27 Moon Well
02:56 Ancient of Wonders
05:08 Tree of Ages
05:50 Tree of Life
06:15 Moon Well
06:15 Moon Well
10:28 Tree of Eternity
10:30 Hunter's Hall
10:45 Moon Well
11:22 Ancient of Wind
14:03 Ancient of Wind
» items
| Dust of Appearance | 1 | |
| Scroll of Town Portal | 6 | |
| Moonstone | 1 | |
| Potion of Lesser Invulnerability | 1 | |
| Scroll of Healing | 1 | |
| Scroll of Protection | 1 | |
| Boots of Speed | 1 | |
12 total

»
NY.Yankees (
red | 47 APM | 939 actions | 19:50)
5 Keeper of the Grove
2 Force of Nature
3 Thorns Aura
4 Priestess of the Moon
2 Trueshot Aura
2 Searing Arrows
1 Goblin Alchemist
1 Healing Spray
» actions
| Assign group hotkey | 16 | |
| Build / train | 76 | |
| Enter build submenu | 16 | |
| Enter hero's abilities submenu | 10 | |
| Right click | 362 | |
| Select / deselect | 230 | |
| Select group hotkey | 186 | |
| Use ability | 43 | |
939 total
» units
» upgrades
| Strength of the Moon | 3 | |
| Moon Armor | 1 | |
| Nature's Blessing | 1 | |
| Improved Bows | 1 | |
| Reinforced Hides | 1 | |
| Marksmanship | 1 | |
| Abolish Magic | 1 | |
9 total
» buildings
| Altar of Elders | 1 | |
| Moon Well | 5 | |
| Ancient of War | 2 | |
| Ancient of Wonders | 2 | |
| Hunter's Hall | 1 | |
| Tree of Ages | 1 | |
| Ancient Protector | 2 | |
| Ancient of Lore | 2 | |
| Tree of Eternity | 1 | |
17 total
» build order
00:24 Altar of Elders
00:34 Moon Well
01:13 Ancient of War
01:37 Ancient of War
01:47 Moon Well
02:11 Ancient of Wonders
02:54 Moon Well
05:25 Hunter's Hall
05:56 Tree of Ages
06:18 Moon Well
06:30 Ancient Protector
06:36 Ancient Protector
09:10 Ancient of Wonders
12:53 Ancient of Lore
13:23 Ancient of Lore
13:26 Tree of Eternity
19:13 Moon Well
» items
| Lesser Clarity Potion | 3 | |
| Moonstone | 2 | |
| Scroll of Town Portal | 2 | |
| Potion of Healing | 1 | |
| Scroll of Protection | 2 | |
| Scroll of Healing | 1 | |
11 total
team 2 (loser)

»
lagunitas (
orange | 82 APM | 1624 actions | 19:49)
5 Death Knight
3 Death Coil
2 Unholy Aura
4 Lich
2 Frost Nova
2 Frost Armor
» actions
| Assign group hotkey | 20 | |
| Basic commands | 26 | |
| Build / train | 61 | |
| Enter build submenu | 14 | |
| Enter hero's abilities submenu | 9 | |
| Give item / drop item | 4 | |
| Right click | 823 | |
| Select / deselect | 252 | |
| Select group hotkey | 318 | |
| Use ability | 97 | |
1624 total
» units
| Acolyte | 5 | |
| Ghoul | 4 | |
| Crypt Fiend | 14 | |
| Obsidian Statue | 4 | |
| Frost Wyrm | 2 | |
29 total
» upgrades
| Creature Attack | 3 | |
| Creature Carapace | 2 | |
| Burrow | 1 | |
| Destroyer Form | 1 | |
| Web | 1 | |
8 total
» buildings
| Crypt | 1 | |
| Graveyard | 1 | |
| Ziggurat | 7 | |
| Altar of Darkness | 1 | |
| Tomb of Relics | 1 | |
| Halls of the Dead | 1 | |
| Black Citadel | 1 | |
| Slaughterhouse | 1 | |
| Sacrificial Pit | 1 | |
| Boneyard | 1 | |
16 total
» build order
00:06 Crypt
00:19 Graveyard
00:40 Ziggurat
01:10 Altar of Darkness
01:49 Ziggurat
01:51 Ziggurat
02:39 Tomb of Relics
03:42 Ziggurat
06:04 Halls of the Dead
06:56 Ziggurat
11:06 Black Citadel
11:08 Slaughterhouse
13:39 Sacrificial Pit
14:35 Ziggurat
14:36 Ziggurat
15:56 Boneyard
» items
| Rod of Necromancy | 1 | |
| Dust of Appearance | 1 | |
| Scroll of Town Portal | 3 | |
| Potion of Healing | 1 | |
| Potion of Mana | 1 | |
| Scroll of Regeneration | 3 | |
| Lesser Clarity Potion | 1 | |
11 total
Tetas_Chile (
yellow | 60 APM | 1170 actions | 19:24)
5 Firelord
3 Summon Lava Spawn
2 Soul Burn
1 Mountain King
1 Storm Bolt
» actions
| Assign group hotkey | 46 | |
| Basic commands | 74 | |
| Build / train | 61 | |
| ESC pressed | 3 | |
| Enter build submenu | 22 | |
| Enter hero's abilities submenu | 6 | |
| Right click | 471 | |
| Select / deselect | 312 | |
| Select group hotkey | 88 | |
| Use ability | 87 | |
1170 total
» units
| Peasant | 16 | |
| Rifleman | 11 | |
| Mortar Team | 8 | |
| Siege Engine | 1 | |
36 total
» upgrades
| Gunpowder | 1 | |
| Long Rifles | 1 | |
| Flare | 1 | |
| Fragmentation Shards | 1 | |
| Barrage | 1 | |
5 total
» buildings
| Altar of Kings | 2 | |
| Farm | 9 | |
| Blacksmith | 1 | |
| Barracks | 1 | |
| Keep | 1 | |
| Arcane Vault | 1 | |
| Workshop | 3 | |
| Castle | 2 | |
| Town Hall | 1 | |
21 total
» build order
00:19 Altar of Kings
00:21 Farm
00:23 Altar of Kings
01:02 Blacksmith
01:22 Barracks
01:26 Farm
02:28 Farm
03:36 Farm
05:07 Keep
05:57 Arcane Vault
06:40 Farm
06:42 Farm
08:28 Workshop
10:41 Castle
11:23 Workshop
12:11 Workshop
13:28 Farm
13:28 Farm
15:29 Farm
15:45 Town Hall
» items
| Scroll of Regeneration | 3 | |
| Scroll of Town Portal | 2 | |
| Lesser Clarity Potion | 2 | |
| Potion of Healing | 1 | |
| Potion of Mana | 1 | |
9 total
Naho (
blue | 83 APM | 1619 actions | 19:27)
5 Dark Ranger
3 Black Arrow
2 Silence
1 Priestess of the Moon
1 Searing Arrows
» actions
| Assign group hotkey | 32 | |
| Basic commands | 424 | |
| Build / train | 76 | |
| Enter build submenu | 16 | |
| Enter hero's abilities submenu | 6 | |
| Remove unit from queue | 6 | |
| Right click | 356 | |
| Select / deselect | 272 | |
| Select group hotkey | 404 | |
| Use ability | 27 | |
1619 total
» units
| Wisp | 21 | |
| Archer | 23 | |
| Hippogryph | 10 | |
54 total
» upgrades
| Hippogryph Taming | 1 | |
| Improved Bows | 1 | |
| Strength of the Moon | 1 | |
| Moon Armor | 1 | |
| Marksmanship | 1 | |
5 total
» buildings
| Ancient of War | 2 | |
| Moon Well | 8 | |
| Altar of Elders | 1 | |
| Ancient of Wonders | 1 | |
| Tree of Life | 1 | |
| Tree of Ages | 1 | |
| Hunter's Hall | 1 | |
| Ancient of Wind | 2 | |
| Tree of Eternity | 1 | |
18 total
» build order
00:07 Ancient of War
00:10 Moon Well
00:55 Altar of Elders
01:29 Moon Well
03:25 Moon Well
03:32 Ancient of Wonders
05:01 Tree of Life
06:06 Tree of Ages
06:09 Ancient of War
06:11 Moon Well
08:24 Moon Well
08:28 Hunter's Hall
08:31 Ancient of Wind
10:30 Ancient of Wind
14:08 Tree of Eternity
14:58 Moon Well
15:04 Moon Well
15:05 Moon Well
» items
GoBuffs (
teal | 48 APM | 952 actions | 19:46)
7 Dreadlord
1 Sleep
3 Vampiric Aura
2 Carrion Swarm
1 Inferno
» actions
| Build / train | 58 | |
| Enter build submenu | 15 | |
| Enter hero's abilities submenu | 7 | |
| Right click | 538 | |
| Select / deselect | 303 | |
| Use ability | 31 | |
952 total
» units
| Acolyte | 3 | |
| Ghoul | 17 | |
| Meatwagon | 3 | |
| Necromancer | 7 | |
| Abomination | 8 | |
38 total
» upgrades
| Unholy Strength | 2 | |
| Unholy Armor | 1 | |
| Necromancer Training | 1 | |
| Skeletal Longevity | 1 | |
| Exhume Corpses | 1 | |
| Disease Cloud | 1 | |
| Skeletal Mastery | 1 | |
8 total
» buildings
| Altar of Darkness | 1 | |
| Ziggurat | 6 | |
| Crypt | 1 | |
| Graveyard | 1 | |
| Halls of the Dead | 1 | |
| Temple of the Damned | 2 | |
| Slaughterhouse | 2 | |
| Tomb of Relics | 1 | |
| Black Citadel | 1 | |
16 total
» build order
00:12 Altar of Darkness
00:17 Ziggurat
00:47 Crypt
01:03 Graveyard
01:46 Ziggurat
02:48 Ziggurat
04:21 Ziggurat
06:07 Halls of the Dead
07:29 Ziggurat
08:29 Temple of the Damned
08:36 Temple of the Damned
08:39 Slaughterhouse
08:43 Tomb of Relics
09:02 Black Citadel
10:46 Slaughterhouse
16:34 Ziggurat
» items
| Potion of Healing | 1 | |
| Scroll of Town Portal | 1 | |
2 total
Chat log
(00:20 / Allies) BANANANIGHT: RUSH OR CC?
(00:22 / All) BANANANIGHT: GL
(00:27 / Allies) NY.Yankees: rush
(00:29 / Allies) NY.Yankees: ?
(00:34 / Allies) W33DMAN: im down for whatevs
(00:36 / Allies) BANANANIGHT: OK
(00:38 / Allies) AngryPickle: mass summons?\
(00:39 / Allies) BANANANIGHT: rush
(00:41 / Allies) NY.Yankees: k
(00:49 / Allies) BANANANIGHT: i got kotg
(00:49 / Allies) AngryPickle: imma fire lord injto am
(00:58 / Allies) W33DMAN: arch to pala
(01:07 / Allies) BANANANIGHT: kotg lvl 10
(01:08 / Allies) BANANANIGHT: xD
(01:21 / Allies) BANANANIGHT: rifles
(01:26 / Allies) W33DMAN: gonna fast expo double rax foots
(01:54 / All) BANANANIGHT: tetas chile
(01:56 / All) BANANANIGHT: :P
(01:59 / All) Tetas_Chile: wena man
(02:03 / Allies) AngryPickle: which side we meeting?
(02:07 / Allies) AngryPickle: ?
(02:12 / All) BANANANIGHT: no habia nadie en el clan??? flow?
(02:21 / Allies) BANANANIGHT: arrash
(02:23 / All) Tetas_Chile: estan todos
(02:32 / All) BANANANIGHT: Se conectan seguido¡?
(02:37 / All) Tetas_Chile: si
(02:46 / All) Tetas_Chile: someone need clan?
(03:22 / Allies) AngryPickle: pink that side?
(03:23 / Allies) AngryPickle: or wait?
(03:30 / Allies) W33DMAN: im omw
(03:36 / Allies) BANANANIGHT: kill firelord
(04:10 / Allies) AngryPickle: lets do it
(04:18 / All) BANANANIGHT: jjojojOJ
(04:24 / All) BANANANIGHT: suerte
(08:01 / Allies) BANANANIGHT: gold for tp
(08:32 / Allies) AngryPickle: i need expo
(08:40 / Allies) W33DMAN: green lets go
(08:49 / Allies) AngryPickle: .........
(09:59 / Allies) W33DMAN: gj
(10:00 / Allies) W33DMAN: raped
(10:13 / Allies) AngryPickle: end it
(11:00 / All) BANANANIGHT: odio ese enano
(11:40 / Allies) BANANANIGHT: fiends
(13:25 / Allies) BANANANIGHT: b
(13:52 / Allies) AngryPickle: need aa soon
(14:07 / Allies) W33DMAN: not me
(14:15 / Allies) W33DMAN: im pumping knights caster
(14:26 / Allies) AngryPickle: woudlve been good if you said that before..
(14:44 / Allies) W33DMAN: elf can get aa
(14:50 / Allies) BANANANIGHT: i got
(14:51 / Allies) BANANANIGHT: it
(14:55 / Allies) NY.Yankees: i do too
(15:06 / Allies) BANANANIGHT: make dispel
(15:08 / Allies) W33DMAN: got it
(15:10 / Allies) AngryPickle: igot it
(15:17 / Allies) NY.Yankees: lumber?
(15:17 / Allies) W33DMAN: lets finish this?
(15:21 / Allies) AngryPickle: imma hit expo
(15:32 / Allies) NY.Yankees: ty
(16:27 / Allies) BANANANIGHT: tanks
(16:28 / Allies) BANANANIGHT: fuck
(16:35 / Allies) NY.Yankees: mian
(16:39 / Allies) NY.Yankees: main
(17:41 / Allies) NY.Yankees: gold
(19:24 / Allies) AngryPickle: gg
(19:30 / All) AngryPickle: GG